Map: 월드 오브 슬리퍼스 - 래더

Players

llllllllllll

  • Race: Protoss Protoss
  • League: Grandmaster
  • Spawn Location: 7:00

IlIllIllIllI - Winner!

  • Race: Protoss Protoss
  • League: Grandmaster
  • Spawn Location: 1:00

VOD

Have the link to the VOD?

Description

Time

  • Played on: Sept. 16, 2019, 3:52 a.m.
  • Length: 7:34
Show
View Real Time Build Order
Export as new Build Order

llllllllllll Protoss 

Build Orders: Zealot Archon 

Get SALT Encoding   

  12  0:01  Probe  
  13  0:13  Probe  
  14  0:18  Pylon  
  14  0:25  Probe (Chrono Boost)  
  15  0:37  Probe (Chrono Boost)  
  15  0:40  Gateway  
  16  0:45  Probe (Chrono Boost)  
  16  0:49  Assimilator  
  17  0:52  Probe  
  17  0:55  Assimilator  
  18  1:04  Probe (Chrono Boost)  
  19  1:12  Gateway  
  19  1:15  Probe (Chrono Boost)  
  20  1:20  Probe (Chrono Boost)  
  21  1:27  Cybernetics Core  
  21  1:31  Probe  
  22  1:35  Pylon  
  22  1:43  Probe  
  23  1:55  Probe  
  24  2:03  Warp Gate  
  24  2:06  Adept x2  
  28  2:13  Pylon  
  28  2:23  Pylon  
  28  2:28  Robotics Facility  
  28  2:39  Stalker  
  28  2:40  Stalker  
  32  2:45  Shield Battery  
  32  3:10  Sentry x2  
  36  3:16  Nexus  
  34  3:25  Observer  
  35  3:28  Probe (Chrono Boost)  
  36  3:34  Pylon  
  36  3:37  Probe (Chrono Boost)  
  35  3:42  Probe (Chrono Boost)  
  35  3:46  Observer  
  37  3:52  Adept x2  
  41  3:59  Probe  
  42  4:11  Probe  
  42  4:16  Pylon  
  43  4:18  Immortal  
  47  4:27  Twilight Council  
  47  4:28  Probe (Chrono Boost)  
  48  4:38  Probe (Chrono Boost)  
  49  4:40  Probe (Chrono Boost)  
  50  4:48  Probe (Chrono Boost)  
  50  4:49  Forge, Probe (Chrono Boost)  
  52  4:53  Probe (Chrono Boost)  
  52  4:54  Probe  
  52  5:02  Stalker  
  52  5:04  Probe, Stalker  
  52  5:05  Phoenix  
  52  5:07  Probe  
  53  5:16  Probe  
  53  5:19  Probe  
  53  5:21  Protoss Ground Weapons Level 1 (Chrono Boost)  
  55  5:23  Charge (Chrono Boost)  
  55  5:26  Assimilator  
  55  5:27  Assimilator  
  56  5:28  Probe  
  56  5:31  Probe  
  56  5:35  Gateway  
  57  5:36  Gateway  
  57  5:40  Probe  
  58  5:43  Gateway  
  58  5:45  Probe  
  59  5:50  Gateway  
  59  5:52  Probe  
  60  5:57  Probe  
  60  6:02  Templar Archives  
  60  6:03  Gateway  
  61  6:06  Pylon  
  61  6:11  Photon Cannon  
  60  6:18  Photon Cannon  
  54  6:28  Shield Battery  
  54  6:32  Stalker x2  
  58  6:33  Zealot  
  58  6:39  Zealot  
  54  6:46  High Templar x2  
  46  6:51  Archon  
  31  6:54  Zealot  
  31  6:55  Zealot x2  
  31  7:00  Zealot  
  36  7:01  Zealot  
  32  7:19  Zealot, High Templar x2  
  32  7:20  Zealot  
  36  7:23  Archon  
Show
View Real Time Build Order
Export as new Build Order

IlIllIllIllI Protoss - Winner!

Build Orders:  

Get SALT Encoding   

  12  0:00  Probe  
  13  0:12  Probe  
  14  0:17  Pylon  
  14  0:25  Probe (Chrono Boost)  
  15  0:37  Gateway, Probe (Chrono Boost)  
  16  0:45  Probe (Chrono Boost)  
  16  0:47  Assimilator  
  17  0:51  Probe  
  17  0:54  Assimilator  
  18  1:03  Probe (Chrono Boost)  
  19  1:07  Gateway  
  19  1:15  Probe (Chrono Boost)  
  20  1:23  Cybernetics Core, Probe (Chrono Boost)  
  21  1:29  Probe  
  22  1:32  Pylon  
  22  1:41  Probe  
  23  1:56  Probe  
  23  2:00  Sentry, Stalker  
  28  2:05  Warp Gate  
  28  2:08  Pylon  
  28  2:16  Probe  
  29  2:40  Robotics Facility, Nexus  
  29  2:47  Pylon  
  29  2:56  Probe  
  30  3:03  Stalker  
  30  3:14  Probe  
  28  3:26  Probe  
  28  3:27  Warp Prism (Chrono Boost)  
  30  3:38  Probe (Chrono Boost)  
  32  3:50  Probe (Chrono Boost)  
  32  3:54  Probe (Chrono Boost)  
  32  3:55  Probe (Chrono Boost)  
  33  3:57  Observer (Chrono Boost)  
  35  4:04  Twilight Council, Probe (Chrono Boost)  
  37  4:10  Probe (Chrono Boost)  
  37  4:11  Shield Battery  
  37  4:15  Probe (Chrono Boost)  
  38  4:19  Probe (Chrono Boost)  
  39  4:24  Adept  
  39  4:25  Adept  
  39  4:38  Pylon  
  39  4:45  Probe (Chrono Boost)  
  39  4:48  Resonating Glaives  
  39  4:52  Stalker  
  43  4:54  Probe (Chrono Boost)  
  43  4:55  Adept  
  43  4:57  Probe (Chrono Boost)  
  46  5:01  Probe (Chrono Boost)  
  46  5:02  Probe (Chrono Boost)  
  48  5:14  Gateway x2  
  48  5:15  Sentry x2  
  48  5:21  Gateway  
  52  5:28  Gateway  
  52  5:33  Probe x2  
  54  5:36  Pylon  
  54  5:41  Sentry, Adept  
  58  5:54  Probe x2  
  60  6:00  Pylon  
  60  6:04  Adept  
  60  6:05  Adept  
  60  6:08  Adept  
  60  6:09  Adept  
  64  6:27  Adept  
  64  6:28  Adept x4  
  72  6:34  Adept  
  68  6:49  Observer (Chrono Boost)  
  67  6:55  Stalker x5  
  67  6:59  Observer  
  77  7:11  Probe  
  77  7:12  Pylon  
  74  7:24  Adept x2  
Tags
 
Add a new tag
Caveats
  • Supply blocks, unpowered buildings, or Contaminate may cause inaccurate times.
  • Supply counts are checked every 10 seconds.